HSSL
OCEANSIDE HS PIRATES @ NEWPORT NEWS HS PAINTS
04/04/2030
 
TOP OF THE 1ST
Oceanside HS Pirates batting - Pitching for Newport News HS Paints : RHP Vicente Romero
Pitching: RHP Vicente Romero
Batting: RHB Charles Collins 0-0: Ball
1-0: Ball
2-0: Fly out, F8 (Flyball, 8LM)
Batting: RHB Vincent Lowe 0-0: Ball
1-0: Ball
2-0: Fly out, F7 (Flyball, 7LM)
Batting: LHB Dylan Savill 0-0: Foul Ball, location: 2F
0-1: Called Strike
0-2: DOUBLE (Groundball, 3L)
Batting: RHB Tom Hanson 0-0: Fly out, F1 (Line Drive, 15)
Top of the 1st over - 0 runs, 1 hit, 0 errors, 1 left on base; Oceanside HS 0 - Newport News HS 0
BOTTOM OF THE 1ST
Newport News HS Paints batting - Pitching for Oceanside HS Pirates : RHP John Kessler
Pitching: RHP John Kessler
Batting: RHB Pedro Granados 0-0: Ball
1-0: Called Strike
1-1: Foul Ball, location: 2F
1-2: Foul Ball, location: 2F
1-2: SOLO HOME RUN (Flyball, 7LD), Distance : 358 ft
Batting: SHB Carlos Matos 0-0: Ball
1-0: Fly out, F8 (Flyball, 8RD)
Batting: RHB Steve Cooper 0-0: Ball
1-0: Swinging Strike
1-1: Swinging Strike
1-2: Foul Ball, location: 2F
1-2: Strikes out swinging
Batting: LHB Juan 聲gel 0-0: Ball
1-0: Called Strike
1-1: SINGLE (Line Drive, 8LS)
Batting: RHB James Calder鏮 0-0: Ball
1-0: Foul Ball, location: 2F
1-1: Foul Ball, location: 2F
1-2: Ball
2-2: Ball
3-2: Foul Ball, location: 2F
3-2: Foul Ball, location: 2F
3-2: Ground out 4-3 (Groundball, 4)
Bottom of the 1st over - 1 run, 2 hits, 0 errors, 1 left on base; Oceanside HS 0 - Newport News HS 1
TOP OF THE 2ND
Oceanside HS Pirates batting - Pitching for Newport News HS Paints : RHP Vicente Romero
Batting: RHB Shawn Mendoza 0-0: Ball
1-0: Foul Ball, location: 2F
1-1: Foul Ball, location: 2F
1-2: Ball
2-2: Ball
3-2: Ground out 6-3 (Groundball, 6)
Batting: LHB Winston Smith 0-0: Called Strike
0-1: Called Strike
0-2: SINGLE (Groundball, 34S) (infield hit)
Batting: RHB Sergio Arboledo 0-0: Called Strike
0-1: Foul Ball, location: 2F
0-2: Strikes out swinging
Batting: RHB Ben Williams 0-0: Ball
1-0: Ground out 5-3 (Groundball, 5S)
Top of the 2nd over - 0 runs, 1 hit, 0 errors, 1 left on base; Oceanside HS 0 - Newport News HS 1
BOTTOM OF THE 2ND
Newport News HS Paints batting - Pitching for Oceanside HS Pirates : RHP John Kessler
Batting: SHB Augusto Guerrero 0-0: Foul Ball, location: 2F
0-1: Ball
1-1: Fly out, F8 (Line Drive, 8LM)
Batting: RHB Pete Clark 0-0: Swinging Strike
0-1: Ball
1-1: Ball
2-1: Ball
3-1: Called Strike
3-2: Foul Ball, location: 2F
3-2: Base on Balls
Batting: RHB Lee Boswell 0-0: Grounds into double play, 1-6-3 (Groundball, 13)
Bottom of the 2nd over - 0 runs, 0 hits, 0 errors, 0 left on base; Oceanside HS 0 - Newport News HS 1
TOP OF THE 3RD
Oceanside HS Pirates batting - Pitching for Newport News HS Paints : RHP Vicente Romero
Batting: LHB Will Burke 0-0: Ball
1-0: Foul Ball, location: 2F
1-1: Foul Ball, location: 2F
1-2: Strikes out swinging
Batting: RHB Charles Collins 0-0: Ball
1-0: Called Strike
1-1: SINGLE (Line Drive, 6M)
Batting: RHB Vincent Lowe 0-0: Ball
1-0: Called Strike
1-1: Foul Ball, location: 2F
1-2: Ball
2-2: Ball
3-2: Strikes out looking
Batting: LHB Dylan Savill 0-0: Ball
1-0: Ground out 4-3 (Groundball, 4)
Top of the 3rd over - 0 runs, 1 hit, 0 errors, 1 left on base; Oceanside HS 0 - Newport News HS 1
BOTTOM OF THE 3RD
Newport News HS Paints batting - Pitching for Oceanside HS Pirates : RHP John Kessler
Batting: SHB Francisco Reyes 0-0: Called Strike
0-1: Foul Ball, location: 2F
0-2: Strikes out swinging
Batting: RHB Pedro Granados 0-0: Ball
1-0: Ball
2-0: Ball
3-0: Base on Balls
Batting: SHB Carlos Matos 0-0: Foul Ball, location: 2F
0-1: Ball
1-1: Called Strike
1-2: Ball
2-2: Fly out, F9 (Flyball, 9LSF)
Batting: RHB Steve Cooper 0-0: Called Strike
0-1: Called Strike
0-2: Fly out, F8 (Flyball, 8LM)
Bottom of the 3rd over - 0 runs, 0 hits, 0 errors, 1 left on base; Oceanside HS 0 - Newport News HS 1
TOP OF THE 4TH
Oceanside HS Pirates batting - Pitching for Newport News HS Paints : RHP Vicente Romero
Batting: RHB Tom Hanson 0-0: Called Strike
0-1: Ball
1-1: Ground out 4-3 (Groundball, 4)
Batting: RHB Shawn Mendoza 0-0: Swinging Strike
0-1: Foul Ball, location: 2F
0-2: Strikes out swinging
Batting: LHB Winston Smith 0-0: Ball
1-0: Foul Ball, location: 2F
1-1: Ball
2-1: Ball
3-1: SINGLE (Line Drive, 89S)
Batting: RHB Sergio Arboledo 0-0: Called Strike
0-1: Ball
1-1: Called Strike
1-2: Ball
2-2: Foul Ball, location: 2F
2-2: Strikes out swinging
Top of the 4th over - 0 runs, 1 hit, 0 errors, 1 left on base; Oceanside HS 0 - Newport News HS 1
BOTTOM OF THE 4TH
Newport News HS Paints batting - Pitching for Oceanside HS Pirates : RHP John Kessler
Batting: LHB Juan 聲gel 0-0: Foul Ball, location: 2F
0-1: Swinging Strike
0-2: Strikes out swinging
Batting: RHB James Calder鏮 0-0: Ball
1-0: Ball
2-0: Swinging Strike
2-1: Ball
3-1: Foul Ball, location: 2F
3-2: Foul Ball, location: 2F
3-2: Foul Ball, location: 2F
3-2: Base on Balls
Batting: SHB Augusto Guerrero 0-0: Foul Ball, location: 2F
0-1: Swinging Strike
0-2: Ball
1-2: Fly out, F7 (Flyball, 7S)
Batting: RHB Pete Clark 0-0: Foul Ball, location: 2F
0-1: Ball
1-1: Swinging Strike
1-2: Strikes out swinging
Bottom of the 4th over - 0 runs, 0 hits, 0 errors, 1 left on base; Oceanside HS 0 - Newport News HS 1
TOP OF THE 5TH
Oceanside HS Pirates batting - Pitching for Newport News HS Paints : RHP Vicente Romero
Batting: RHB Ben Williams 0-0: Ball
1-0: Swinging Strike
1-1: Ball
2-1: Foul Ball, location: 2F
2-2: Foul Ball, location: 2F
2-2: Strikes out swinging
Batting: LHB Will Burke 0-0: Foul Ball, location: 2F
0-1: Foul Ball, location: 2F
0-2: Fly out, F8 (Flyball, 78D)
Batting: RHB Charles Collins 0-0: Ball
1-0: Fly out, F8 (Line Drive, 8RM)
Top of the 5th over - 0 runs, 0 hits, 0 errors, 0 left on base; Oceanside HS 0 - Newport News HS 1
BOTTOM OF THE 5TH
Newport News HS Paints batting - Pitching for Oceanside HS Pirates : RHP John Kessler
Batting: RHB Lee Boswell 0-0: Ball
1-0: Ball
2-0: Ball
3-0: Called Strike
3-1: Base on Balls
Batting: SHB Francisco Reyes 0-0: Called Strike
0-1: Ball
1-1: Ball
Wild Pitch!
Lee Boswell to second
2-1: Foul Ball, location: 2F
2-2: Ball
3-2: Base on Balls
Batting: RHB Pedro Granados 0-0: Ball
1-0: Swinging Strike
1-1: Swinging Strike
1-2: Ball
2-2: Ball
3-2: Base on Balls
Lee Boswell to third
Francisco Reyes to second
Pitching: LHP Bobby Young
Batting: SHB Carlos Matos 0-0: Ball
1-0: Ball
2-0: Called Strike
2-1: DOUBLE (Line Drive, 89D)
Lee Boswell scores
Francisco Reyes scores
Pedro Granados to third
Runner from 3rd tries for Home, SAFE, no throw
Batting: RHB Steve Cooper 0-0: Ball
1-0: Ball
2-0: Called Strike
2-1: Ball
3-1: Base on Balls
Batting: LHB Juan 聲gel 0-0: Ball
Wild Pitch!
Carlos Matos to third
Steve Cooper to second
1-0: Called Strike
1-1: Foul Ball, location: 2F
1-2: Foul Ball, location: 2F
1-2: Fly out, F9 (Line Drive, 9)
Runner from 3rd tags up, SCORES, throw made
Batting: RHB James Calder鏮 0-0: Ball
1-0: Ground out 5-3 (Groundball, 56)
Batting: SHB Augusto Guerrero 0-0: Ball
1-0: Called Strike
1-1: Ball
2-1: Ball
3-1: Swinging Strike
3-2: Base on Balls
Batting: RHB Pete Clark 0-0: Called Strike
0-1: Foul Ball, location: 2F
0-2: Strikes out swinging
Bottom of the 5th over - 4 runs, 1 hit, 0 errors, 2 left on base; Oceanside HS 0 - Newport News HS 5
TOP OF THE 6TH
Oceanside HS Pirates batting - Pitching for Newport News HS Paints : RHP Vicente Romero
Batting: RHB Vincent Lowe 0-0: Called Strike
0-1: Swinging Strike
0-2: Ball
1-2: Ball
2-2: Ball
3-2: Fly out, F3 (Line Drive, 3)
Batting: LHB Dylan Savill 0-0: Foul Ball, location: 2F
0-1: Ground out 1-3 (Groundball, 15S)
Batting: RHB Tom Hanson 0-0: Foul Ball, location: 2F
0-1: Ground out 4-3 (Groundball, 4)
Top of the 6th over - 0 runs, 0 hits, 0 errors, 0 left on base; Oceanside HS 0 - Newport News HS 5
BOTTOM OF THE 6TH
Newport News HS Paints batting - Pitching for Oceanside HS Pirates : LHP Bobby Young
Batting: RHB Lee Boswell 0-0: Ball
1-0: Called Strike
1-1: Ball
2-1: Ball
3-1: Called Strike
3-2: Base on Balls
Batting: SHB Francisco Reyes 0-0: Ball
1-0: Ball
2-0: Called Strike
2-1: Ball
3-1: Base on Balls
Lee Boswell to second
Batting: RHB Pedro Granados 0-0: Swinging Strike
0-1: Ball
1-1: Foul Ball, location: 2F
1-2: Ball
2-2: Ball
3-2: Base on Balls
Lee Boswell to third
Francisco Reyes to second
Pitching: RHP Rory Nolan
Batting: SHB Carlos Matos 0-0: Ball
1-0: Ball
2-0: Swinging Strike
2-1: Foul Ball, location: 2F
2-2: Foul Ball, location: 2F
2-2: Foul Ball, location: 2F
2-2: Ball
3-2: DOUBLE (Groundball, 3L)
Lee Boswell scores
Francisco Reyes scores
Pedro Granados to third
Runner from 3rd tries for Home, SAFE, no throw
Batting: RHB Steve Cooper 0-0: Fly out, F7 (Flyball, 7S)
Batting: LHB Juan 聲gel 0-0: Foul Ball, location: 2F
0-1: Ball
1-1: Foul Ball, location: 2F
1-2: Ball
2-2: Foul Ball, location: 2F
2-2: Ball
3-2: DOUBLE (Flyball, 89D)
Carlos Matos scores
Batting: RHB James Calder鏮 0-0: Called Strike
0-1: Ball
1-1: Foul Ball, location: 2F
1-2: Foul Ball, location: 2F
1-2: Fly out, F6 (Line Drive, 6)
Batting: SHB Augusto Guerrero 0-0: Ball
1-0: Called Strike
1-1: Swinging Strike
1-2: Ball
2-2: Foul Ball, location: 2F
2-2: Ball
3-2: Foul Ball, location: 2F
3-2: Foul Ball, location: 2F
3-2: Base on Balls
Batting: RHB Pete Clark 0-0: Ball
1-0: Swinging Strike
1-1: Foul Ball, location: 2F
1-2: SINGLE (Groundball, 56D)
Juan 聲gel to third
Augusto Guerrero to second
Runner from 3rd tries for Home, SAFE, no throw
Batting: RHB Lee Boswell 0-0: Ball
1-0: Ball
2-0: 3-RUN HOME RUN (Flyball, 7D), Distance : 402 ft
Batting: SHB Francisco Reyes 0-0: Ground out 1-3 (Groundball, 13)
Bottom of the 6th over - 8 runs, 4 hits, 0 errors, 0 left on base; Oceanside HS 0 - Newport News HS 13
TOP OF THE 7TH
Oceanside HS Pirates batting - Pitching for Newport News HS Paints : RHP Vicente Romero
Batting: RHB Shawn Mendoza 0-0: Ball
1-0: Ball
2-0: Ball
3-0: Called Strike
3-1: Swinging Strike
3-2: Ground out 1-3 (Groundball, 13S)
Pitching: RHP Dale Thompson
Batting: LHB Winston Smith 0-0: Foul Ball, location: 2F
0-1: Called Strike
0-2: Strikes out swinging
Batting: RHB Sergio Arboledo 0-0: Called Strike
0-1: Ball
1-1: Ball
2-1: Foul Ball, location: 2F
2-2: SOLO HOME RUN (Flyball, 9LD), Distance : 371 ft
Batting: RHB Ben Williams 0-0: Fly out, F9 (Flyball, 9LMF)
Top of the 7th over - 1 run, 1 hit, 0 errors, 0 left on base; Oceanside HS 1 - Newport News HS 13
BOTTOM OF THE 7TH
Newport News HS Paints batting - Pitching for Oceanside HS Pirates : RHP Rory Nolan
Batting: RHB Pedro Granados 0-0: Called Strike
0-1: Ball
1-1: Foul Ball, location: 2F
1-2: Ball
2-2: Ball
3-2: SINGLE (Flyball, 7S)
Batting: SHB Carlos Matos 0-0: Called Strike
0-1: Called Strike
0-2: Strikes out swinging
Batting: RHB Steve Cooper 0-0: Ball
1-0: Called Strike
1-1: Foul Ball, location: 2F
1-2: Ball
2-2: SINGLE (Line Drive, 5D)
Pedro Granados to second
Batting: LHB Juan 聲gel 0-0: Called Strike
0-1: Ball
1-1: Ball
2-1: Called Strike
2-2: Strikes out swinging
Batting: RHB James Calder鏮 0-0: Called Strike
0-1: Ball
1-1: Ball
2-1: Ball
3-1: Fielders Choice at 2nd, U4 (Groundball, 4M)
Bottom of the 7th over - 0 runs, 2 hits, 0 errors, 2 left on base; Oceanside HS 1 - Newport News HS 13
TOP OF THE 8TH
Oceanside HS Pirates batting - Pitching for Newport News HS Paints : RHP Dale Thompson
Pinch Hitting: SHB Harris Townsend 0-0: Ball
1-0: Ball
2-0: Ball
3-0: Called Strike
3-1: DOUBLE (Flyball, 7LD)
Batting: RHB Charles Collins 0-0: Called Strike
0-1: Foul Ball, location: 2F
Balk!
Harris Townsend to third
0-2: Foul Ball, location: 2F
0-2: Fly out, F7 (Flyball, 78S)
Runner from 3rd tags up, SCORES, throw made
Batting: RHB Vincent Lowe 0-0: Fly out, F7 (Flyball, 7LS)
Batting: LHB Dylan Savill 0-0: Ball
1-0: Swinging Strike
1-1: Called Strike
1-2: Strikes out swinging
Top of the 8th over - 1 run, 1 hit, 0 errors, 0 left on base; Oceanside HS 2 - Newport News HS 13
BOTTOM OF THE 8TH
Newport News HS Paints batting - Pitching for Oceanside HS Pirates : RHP Rory Nolan
Now in CF: Tom嫳 Balerio
Batting: SHB Augusto Guerrero 0-0: Called Strike
0-1: Swinging Strike
0-2: Ball
1-2: Ball
2-2: Fly out, F9 (Line Drive, 9D)
Pitching: LHP Alejandro Garc燰
Batting: RHB Pete Clark 0-0: Called Strike
0-1: Ball
1-1: Ground out 4-3 (Groundball, 4)
Batting: RHB Lee Boswell 0-0: Called Strike
0-1: Called Strike
0-2: SOLO HOME RUN (Flyball, 7D), Distance : 386 ft
Batting: SHB Francisco Reyes 0-0: Foul Ball, location: 2F
0-1: Foul Ball, location: 2F
0-2: Strikes out swinging
Bottom of the 8th over - 1 run, 1 hit, 0 errors, 0 left on base; Oceanside HS 2 - Newport News HS 14
TOP OF THE 9TH
Oceanside HS Pirates batting - Pitching for Newport News HS Paints : RHP Dale Thompson
Now at SS: Jorge Paredes
Batting: RHB Tom Hanson 0-0: Ball
1-0: Swinging Strike
1-1: Swinging Strike
1-2: Foul Ball, location: 2F
1-2: Foul Ball, location: 2F
1-2: Ball
2-2: SINGLE (Flyball, 89S)
Pitching: LHP Willie White
Batting: RHB Shawn Mendoza 0-0: Ball
1-0: Ball
2-0: Ball
3-0: Called Strike
3-1: Foul Ball, location: 2F
3-2: SINGLE (Groundball, 56D)
Tom Hanson to second
Tom Hanson to third
Batting: LHB Winston Smith 0-0: Ball
1-0: Foul Ball, location: 2F
1-1: Ball
2-1: Ball
3-1: Foul Ball, location: 2F
3-2: Foul Ball, location: 2F
3-2: Strikes out swinging
Batting: RHB Sergio Arboledo 0-0: Called Strike
0-1: Foul Ball, location: 2F
0-2: Grounds into double play, 1-6-3 (Groundball, 13S)
Top of the 9th over - 0 runs, 2 hits, 0 errors, 1 left on base; Oceanside HS 2 - Newport News HS 14
Saturday, April 7th, 2018 - OOTP Baseball 18.8 Build 76